cohdb
Replays
Latest Replays
All Replays
Popular Replays
Top Player Replays
Match Explorer
How It Works
Community
CoH3 Stats
Reddit
Sign in to upload your games and track your stats! →
Sign in with Steam
Match 44665180
Unlisted
Match 44665180
Overview
Messages
Build Orders
End
Pioneer Squad
Construct Infanterie Kompanie
Selects Breakthrough Battlegroup
Selects Assault Grenadiers
Grenadier Squad
Grenadier Squad
MG 42 Bunker
Grenadier Squad
Infanterie Officer Quarters
MG 42 Machine Gun Team
Construct Luftwaffe Kompanie
Jäger Squad
Luftwaffe Officer Quarters
Support Elements
Side Skirts
Selects Rapid Production
Wirbelwind Flakpanzer
Selects Breakthrough
Breakthrough
Wirbelwind Flakpanzer
Medical Bunker
Construct Panzer Kompanie
Panzer IV Medium Tank
Selects Blitzkrieg
Selects Incendiary Bombing Run
Incendiary Bombing Run
Incendiary Bombing Run
Selects Tiger Heavy Tank
Tiger Heavy Tank
Blitzkrieg
Sturmpanzer IV Brummbär
Incendiary Bombing Run
咚咚锵个腿
玉米
0
0
Comments
sign in to comment!
No comments posted yet!